General information
- name: BNet
- type: Ladder 1vs1/FFA
- host: Battle.net
- saver: MeIbu
map: TirisfalGlades
- players: 2
- length: 15:47
- speed: Fast
- version: 1.26 W3XP
- replay type: Public
» download(45 KB)
Players
team 1 (winner)
MeIbu (
pink | 60 APM | 950 actions | 15:47)
5 Goblin Tinker
3 Pocket Factory
2 Engineering Upgrade
» actions
| Assign group hotkey | 52 | |
| Basic commands | 28 | |
| Build / train | 80 | |
| ESC pressed | 3 | |
| Enter build submenu | 58 | |
| Enter hero's abilities submenu | 5 | |
| Give item / drop item | 3 | |
| Remove unit from queue | 1 | |
| Right click | 228 | |
| Select / deselect | 231 | |
| Select group hotkey | 180 | |
| Use ability | 81 | |
950 total
» units
| Peasant | 27 | |
| Footman | 7 | |
| Mortar Team | 3 | |
37 total
» upgrades
| Masonry | 3 | |
| Gunpowder | 2 | |
| Lumber Harvesting | 2 | |
| Fragmentation Shards | 1 | |
| Flare | 1 | |
| Plating | 0 | |
| Armor | 1 | |
10 total
» buildings
| Barracks | 1 | |
| Farm | 9 | |
| Altar of Kings | 1 | |
| Town Hall | 2 | |
| Scout Tower | 40 | |
| Arcane Tower | 2 | |
| Lumber Mill | 1 | |
| Guard Tower | 21 | |
| Keep | 1 | |
| Blacksmith | 1 | |
| Castle | 1 | |
| Workshop | 3 | |
83 total
» build order
00:10 Barracks
00:28 Farm
00:50 Farm
01:05 Altar of Kings
01:29 Farm
02:15 Farm
03:53 Town Hall
03:57 Scout Tower
04:00 Scout Tower
04:04 Scout Tower
04:24 Arcane Tower
04:51 Lumber Mill
04:58 Arcane Tower
05:13 Scout Tower
05:15 Scout Tower
05:17 Scout Tower
05:24 Scout Tower
05:37 Guard Tower
05:44 Guard Tower
05:47 Guard Tower
06:11 Guard Tower
06:23 Keep
06:26 Farm
06:28 Scout Tower
06:30 Farm
07:15 Guard Tower
07:15 Guard Tower
07:19 Blacksmith
07:27 Scout Tower
07:27 Scout Tower
07:56 Guard Tower
07:57 Guard Tower
08:41 Scout Tower
08:42 Scout Tower
08:48 Castle
08:50 Workshop
08:51 Workshop
08:52 Workshop
08:55 Scout Tower
08:56 Scout Tower
08:59 Scout Tower
09:01 Scout Tower
09:19 Guard Tower
09:25 Guard Tower
09:39 Guard Tower
09:39 Guard Tower
10:34 Scout Tower
10:35 Scout Tower
10:38 Farm
10:39 Farm
10:39 Farm
11:50 Scout Tower
11:51 Scout Tower
11:51 Scout Tower
11:51 Scout Tower
11:52 Scout Tower
11:58 Scout Tower
11:58 Scout Tower
12:12 Guard Tower
12:21 Guard Tower
12:22 Guard Tower
12:28 Guard Tower
12:34 Guard Tower
12:39 Guard Tower
12:41 Scout Tower
12:42 Scout Tower
12:42 Scout Tower
12:46 Scout Tower
12:47 Scout Tower
13:40 Scout Tower
13:41 Scout Tower
13:42 Scout Tower
13:44 Scout Tower
13:44 Scout Tower
13:48 Guard Tower
13:53 Town Hall
14:15 Guard Tower
14:17 Scout Tower
14:17 Scout Tower
14:18 Scout Tower
14:51 Scout Tower
14:51 Scout Tower
» items
team 2 (loser)
ghostnite (
green | 50 APM | 792 actions | 15:44)
4 Archmage
2 Summon Water Elemental
2 Brilliance Aura
3 Mountain King
2 Storm Bolt
1 Bash
» actions
| Assign group hotkey | 51 | |
| Basic commands | 4 | |
| Build / train | 60 | |
| Enter build submenu | 16 | |
| Enter hero's abilities submenu | 7 | |
| Remove unit from queue | 8 | |
| Right click | 325 | |
| Select / deselect | 213 | |
| Select group hotkey | 47 | |
| Use ability | 61 | |
792 total
» units
| Peasant | 21 | |
| Footman | 10 | |
| Rifleman | 5 | |
| Priest | 1 | |
| Sorceress | 1 | |
38 total
» upgrades
| Defend | 1 | |
| Long Rifles | 1 | |
| Gunpowder | 1 | |
3 total
» buildings
| Altar of Kings | 1 | |
| Barracks | 2 | |
| Farm | 10 | |
| Blacksmith | 1 | |
| Keep | 1 | |
| Arcane Sanctum | 1 | |
16 total
» build order
00:08 Altar of Kings
00:15 Barracks
00:24 Farm
00:25 Farm
00:40 Farm
01:29 Farm
02:20 Farm
02:54 Blacksmith
03:11 Farm
04:01 Keep
04:03 Farm
04:36 Barracks
07:27 Arcane Sanctum
07:57 Farm
07:57 Farm
08:03 Farm
» items
Chat log
(00:44 / All) ghostnite: hey
(00:46 / All) ghostnite: gl
(00:47 / All) MeIbu: hello
(00:54 / All) MeIbu: excuse me?
(01:00 / All) ghostnite: good luck
(01:07 / All) MeIbu: bAD LUCK
(01:09 / All) MeIbu: I HOPE I WIN
(10:26 / All) MeIbu: lol
(11:01 / All) MeIbu: gg
(14:32 / All) MeIbu: suicide attack?
(14:43 / All) MeIbu: how come u dont defend ur town
(15:25 / All) MeIbu: lol
(15:34 / All) MeIbu: u lost to a tinker
(15:37 / All) MeIbu: and 4 footmen
(15:40 / All) ghostnite: ur stat sucks
(15:42 / All) ghostnite: lo